 Dungeon Crawl Stone Soup version 0.26-a0-958-gf3041fb45f (webtiles) character file.

Game seed: 8963986606172879324

23416 KristoblXynda the Grappler (level 12, 0/126 HPs)
             Began as a Troll Delver on Nov 30, 2020.
             Was a Believer of Ashenzari.
             Slain by a white ugly thing (6 damage)
             ... on level 13 of the Dungeon.
             The game lasted 00:27:47 (13550 turns).

KristoblXynda the Grappler (Troll Delver)          Turns: 13550, Time: 00:27:49

Health: 0/126      AC:  9    Str: 23    XL:     12   Next: 71%
Magic:  11/11      EV: 14    Int: 16    God:    Ashenzari [**....]
Gold:   690        SH:  0    Dex: 11    Spells: 4/11 levels left

rFire    . . .     SeeInvis .     - Unarmed
rCold    + . .     Faith    .   (no shield)
rNeg     . . .     Spirit   .   K - +2 robe {rC+} (curse)
rPois    .         Reflect  .   (helmet restricted)
rElec    .         Harm     .   t - +0 cloak
rCorr    .         Rampage  .   (gloves unavailable)
MR       .....                  (boots unavailable)
Stlth    ++........             (no amulet)
HPRegen  0.71/turn              e - +6 ring of intelligence (curse)
MPRegen  0.12/turn              E - +4 ring of slaying

@: no status effects
A: large, unfitting armour, claws 3, regeneration 1, shaggy fur 1, tough skin 3
a: Curse Item, Scrying, Renounce Religion


You were on level 13 of the Dungeon.
You worshipped Ashenzari.
Ashenzari was pleased with you.
You visited 2 branches of the dungeon, and saw 15 of its levels.
You also visited: Sewer.

You collected 690 gold pieces.

Inventory:

Hand Weapons
 s - a +5 morningstar of freezing
Armour
 t - a +0 cloak (worn)
 K - a cursed +2 robe of cold resistance (worn)
Jewellery
 e - a cursed +6 ring of intelligence (left claw)
 v - a +6 ring of intelligence
 z - an uncursed ring of wizardry
 E - a +4 ring of slaying (right claw)
 G - an uncursed ring of protection from fire
 J - an uncursed ring of protection from cold
Wands
 f - a wand of digging (3)
 D - a wand of disintegration (4)
 F - a wand of paralysis (2)
 M - a wand of acid (5)
Scrolls
 b - 6 scrolls of fog
 d - 7 scrolls of fear
 g - 5 scrolls of teleportation
 h - 4 scrolls of amnesia
 l - 3 scrolls of remove curse
 m - 4 scrolls of immolation
 r - 3 scrolls of magic mapping
 u - 2 scrolls of blinking
 x - a scroll of enchant armour
Potions
 c - 5 potions of curing
 i - a potion of berserk rage {unknown}
 j - 2 potions of ambrosia
 k - 2 potions of haste
 n - 3 potions of might
 o - 2 potions of magic
 p - 2 potions of flight
 w - a potion of attraction {unknown}
 H - 2 potions of cancellation
 L - a potion of lignification {unknown}


   Skills:
 - Level 10.0 Fighting
 + Level 10.0 Dodging
 - Level 2.7 Stealth
 + Level 11.7 Unarmed Combat
 + Level 6.1 Transmutations
 + Level 1.1 Evocations


You had 4 spell levels left.
You knew the following spells:

 Your Spells              Type           Power        Failure   Level
a - Ice Form              Ice/Tmut       #.......     56%         4
b - Mephitic Cloud        Conj/Pois/Air  #.......     58%         3

Your spell library contained the following spells:

 Spells                   Type           Power        Failure   Level
 Beastly Appendage        Tmut           ###...       1%          1
 Wereblood                Tmut           ###.....     3%          2
 Spider Form              Tmut/Pois      #.........   22%         3
 Poisonous Vapours        Pois/Air       #.....       36%         2
 Conjure Flame            Conj/Fire      #.......     58%         3
 Blade Hands              Tmut           ###.......   50%         5
 Freezing Cloud           Conj/Ice/Air   #.........   100%        6


Dungeon Overview and Level Annotations

Branches:
Dungeon (14/15)            Temple (1/1) D:5            Lair (0/6) D:8
    Orc (0/2) D:11          Sewer (visited)
 Vaults: D:13-14

Altars:
Ashenzari
Cheibriados
Dithmenos
Elyvilon
Fedhas
Gozag
Hepliaklqana
Kikubaaqudgha
Makhleb
Nemelex Xobeh
Okawaru
Qazlal
Ru
Sif Muna
Trog
Uskayaw
Vehumet
Wu Jian
Xom
Yredelemnul
Zin
The Shining One
Beogh


Innate Abilities, Weirdness & Mutations

You are too large for most types of armour.
You have claws for hands.
Your natural rate of healing is unusually fast.
You are covered in fur. (AC +1)
You have extremely tough skin. (AC +3)


Message History

The brown ugly thing basks in the mutagenic energy from its kin and changes!
The white ugly thing headbutts you.
* * * LOW HITPOINT WARNING * * *
The white ugly thing freezes you! You resist.
* * * LOW HITPOINT WARNING * * *
You climb upwards.
There is a stone staircase leading down, spattered with blood here.
You feel better. The white ugly thing headbutts you.
* * * LOW HITPOINT WARNING * * *
The white ugly thing freezes you! You resist.
* * * LOW HITPOINT WARNING * * *
Unknown command.
Evoke which item? (* to show all) (? for menu, Esc to quit)
Aiming: Paralyse
Press: ? - help, Shift-Dir - straight line, f - white ugly thing
Aim: a white ugly thing (chance to defeat MR: 32%)
The white ugly thing easily resists.
The white ugly thing headbutts you.
* * * LOW HITPOINT WARNING * * *
The white ugly thing freezes you. You resist.
You die...

..###...#....(...........# #.#
..###....................# #.#
.........................####.#
....................###.......#
#.............................#
#.......####'##########.......#
#...##..#.............#.......#
#...##..'.......u.....#.......#
#...##..#.......@.....'.......#
#.......#.............#.......#
#.......#......##.....#.......#
#.......#......##.....###.....#
#..###..#...............#.....#
#..###..#...............#.....#
#.......#...............#...#.#
#.......#...............+...#.#
#.......#...............#...#.#


You could see a white ugly thing.

Vanquished Creatures
  Fannar (D:10)
  A hydra (D:13)
  2 tengu warriors (D:13)
  4 two-headed ogres
  An unseen horror (D:13)
  Pikel (D:7)
  A wolf spider zombie (D:13)
  8 ugly things
  A manticore (D:11)
  4 centaur zombies
  3 centaur skeletons
  4 trolls
  3 slime creatures (D:12)
  Grinder (D:5)
  Sigmund (D:5)
  A shadow (D:12)
  2 wyverns (D:8)
  12 yaks
  A steam dragon (shapeshifter) (D:13)
  A soldier ant (D:13)
  Duvessa (D:5)
  Purgy (Sewer)
  A water moccasin (D:8)
  3 sky beasts
  11 orc warriors
  A swamp drake (D:11)
  6 ice beasts
  A phantom (D:8)
  6 ogres
  4 centaurs
  2 necrophages
  4 big kobolds
  Blork the orc (D:5)
  6 bullfrogs
  A wyvern zombie (D:8)
  A gnoll sergeant (D:6)
  Dowan (D:5)
  A water moccasin zombie (D:7)
  A wyvern skeleton (D:10)
  A water moccasin skeleton (D:11)
  6 scorpions
  9 killer bees
  9 wights
  A howler monkey (D:12)
  2 bullfrog zombies
  Crazy Yiuf (D:2)
  5 hounds
  3 jellies
  A quasit (D:12)
  11 orc priests
  17 orc wizards
  4 iguanas
  10 worker ants
  A hound skeleton (D:11)
  A worker ant zombie (D:3)
  10 gnolls
  11 adders
  A shadow imp (D:10)
  7 white imps
  3 ufetubi
  2 oozes
  An adder zombie (D:8)
  2 worms
  3 dart slugs
  9 leopard geckos
  63 orcs
  4 ball pythons
  7 giant cockroaches
  16 goblins
  13 hobgoblins
  18 jackals
  28 kobolds
  5 quokkas
  5 bats
  9 frilled lizards
  A jackal zombie (D:7)
  4 rats
  A spectral orc (D:3)
411 creatures vanquished.

Vanquished Creatures (others)
  A kobold (D:11)
  A bush (D:8)
  2 fungi
  20 plants
24 creatures vanquished.

Grand Total: 435 creatures vanquished

Notes
Turn   | Place    | Note
-------+----------+-------------------------------------------
     0 | D:5      | KristoblXynda the Troll Delver began the quest for the Orb.
     0 | D:5      | Reached XP level 1. HP: 22/22 MP: 0/0
     1 | D:5      | Noticed a worker ant
    45 | D:5      | Noticed a jelly
    52 | D:5      | Killed a jelly
    53 | D:5      | Reached XP level 2. HP: 28/29 MP: 1/1
    53 | D:5      | Reached XP level 3. HP: 35/36 MP: 2/2
    63 | D:5      | Found a blossoming altar of Fedhas.
    64 | D:5      | Found an ancient bone altar of Kikubaaqudgha.
    83 | D:5      | Noticed Grinder
    86 | D:5      | Paralysed by Grinder for 5 turns
    97 | D:5      | Paralysed by Grinder for 2 turns
   115 | D:5      | Killed Grinder
   116 | D:5      | Reached skill level 3 in Unarmed Combat
   116 | D:5      | Reached XP level 4. HP: 8/46 MP: 3/3
   116 | D:5      | Reached XP level 5. HP: 10/53 MP: 4/4
   243 | D:5      | Reached skill level 4 in Unarmed Combat
   243 | D:5      | Reached XP level 6. HP: 54/62 MP: 5/5
   299 | D:5      | Found a sacrificial altar of Ru.
   381 | D:5      | Noticed an orc warrior
   463 | D:4      | Found a white marble altar of Elyvilon.
   951 | D:4      | Found a shadowy altar of Dithmenos.
  1277 | D:3      | Reached XP level 7. HP: 60/70 MP: 6/6
  1277 | D:3      | Found a glowing drain.
  1295 | Sewer    | Entered a sewer
  1369 | Sewer    | Noticed Purgy
  1406 | Sewer    | Killed Purgy
  1636 | D:3      | Found a basalt altar of Yredelemnul.
  1702 | D:3      | Reached skill level 5 in Unarmed Combat
  2475 | D:2      | Found a shimmering altar of Xom.
  2475 | D:2      | Noticed an angel
  2478 | D:2      | Found a glowing silver altar of Zin.
  2646 | D:2      | Found a runed translucent door.
  2647 | D:2      | Noticed Crazy Yiuf
  2668 | D:2      | Killed Crazy Yiuf
  3186 | D:1      | You fall into a shaft and drop 1 floor!
  3943 | D:5      | Noticed Blork the orc
  3952 | D:5      | Killed Blork the orc
  3983 | D:5      | Noticed Duvessa
  3983 | D:5      | Noticed Dowan
  4010 | D:5      | Reached skill level 5 in Fighting
  4014 | D:5      | Reached XP level 8. HP: 38/80 MP: 7/7
  4021 | D:5      | Killed Duvessa
  4022 | D:5      | Killed Dowan
  4023 | D:5      | Reached skill level 6 in Unarmed Combat
  4243 | D:5      | Noticed Sigmund
  4244 | D:5      | Found a staircase to the Ecumenical Temple.
  4258 | D:5      | Killed Sigmund
  4259 | D:5      | Reached skill level 5 in Dodging
  4310 | Temple   | Entered the Ecumenical Temple
  4431 | Temple   | Became a worshipper of Ashenzari the Shackled
  5338 | D:6      | Reached skill level 7 in Unarmed Combat
  5649 | D:6      | Found a runed translucent door.
  5898 | D:6      | Reached XP level 9. HP: 89/89 MP: 8/8
  6381 | D:6      | Found a roughly hewn altar of Beogh.
  6575 | D:7      | Noticed Pikel
  6596 | D:7      | Killed Pikel
  6597 | D:7      | Reached skill level 8 in Unarmed Combat
  6788 | D:7      | Reached * piety under Ashenzari
  7072 | D:7      | Found an iron altar of Okawaru.
  7179 | D:8      | Reached XP level 10. HP: 97/101 MP: 9/9
  7336 | D:8      | Learned a level 4 spell: Ice Form
  7398 | D:8      | Reached skill level 1 in Transmutations
  7628 | D:8      | Reached skill level 9 in Unarmed Combat
  7724 | D:8      | Found a staircase to the Lair.
  8065 | D:8      | Found an ornate altar of the Wu Jian Council.
  8165 | D:9      | Found a shimmering blue altar of Sif Muna.
  8503 | D:9      | Found a stormy altar of Qazlal.
  8903 | D:10     | Entered Level 10 of the Dungeon
  8937 | D:10     | Noticed a red ugly thing
  8952 | D:10     | Killed a red ugly thing
  9057 | D:10     | Reached XP level 11. HP: 101/112 MP: 10/10
  9203 | D:10     | Noticed Fannar
  9225 | D:10     | Killed Fannar
  9527 | D:10     | Reached ** piety under Ashenzari
  9942 | D:11     | Reached skill level 10 in Unarmed Combat
 10561 | D:11     | Found a staircase to the Orcish Mines.
 10578 | D:11     | Noticed a two-headed ogre
 10604 | D:11     | Killed a two-headed ogre
 10935 | D:11     | Learned a level 3 spell: Mephitic Cloud
 11081 | D:12     | Noticed a two-headed ogre
 11091 | D:12     | Killed a two-headed ogre
 11243 | D:12     | Noticed a two-headed ogre
 11252 | D:12     | Killed a two-headed ogre
 12075 | D:13     | Reached skill level 5 in Transmutations
 12075 | D:13     | Reached XP level 12. HP: 105/122 MP: 11/11
 12373 | D:13     | Reached skill level 11 in Unarmed Combat
 12373 | D:13     | Noticed a two-headed ogre
 12381 | D:13     | Killed a two-headed ogre
 12532 | D:13     | Noticed a tengu warrior
 12532 | D:13     | Noticed a tengu warrior
 12558 | D:13     | Killed a tengu warrior
 12704 | D:13     | Killed a tengu warrior
 13345 | D:14     | Noticed an eight-headed hydra
 13363 | D:13     | Killed an 11-headed hydra
 13474 | D:14     | Reached skill level 10 in Fighting
 13497 | D:14     | Reached skill level 10 in Dodging
 13497 | D:14     | Reached skill level 1 in Evocations
 13550 | D:13     | HP: 6/126 [white ugly thing (5)]
 13550 | D:13     | Slain by a white ugly thing

Illustrated notes

Levels and vault maps discovered:
D:1:      kennysheep_arrival_forest, layout_basic, minmay_tripent
D:2:      layout_loops_corners, grunt_temple_overflow_order_and_chaos_1,
          minmay_misc_feat_five, uniq_crazy_yiuf_cottage
D:3:      layout_rooms, yredelemnul_forgotten_temple_becter,
          portal_sewer_entry_f, minmay_increasing_density
D:4:      layout_loops_ring, elyvilon_altar_4, kennysheep_mini,
          corexii_checkpoint_b
D:5:      layout_loops_ring, grunt_temple_overflow_growth_and_decay,
          nicolae_overflow_crystal_walls, minmay_temple_entry_proselytizer,
          uniq_grinder, uniq_duvessa, uniq_blork_the_orc, uniq_sigmund
D:6:      layout_loops_ring, minmay_crystal_room, lightli_church_of_beogh
D:7:      layout_cave_pools, okawaru_altar_gauntlet_db, uniq_pikel
D:8:      layout_cave_pools, marbit_many_paths, minmay_lair_entry_grove,
          minmay_misc_feat_ornament
D:9:      layout_basic, nicolae_qazlal_style_of_elements,
          overflow_temple_1_default, minmay_misc_feat_plants
D:10:     layout_loops_cross, uniq_fannar
D:11:     layout_roguey, erik_orc_1, serial_curves, eino_curves_04,
          eino_curves_04
D:12:     layout_loops_ring, serial_glass, glass_columns_c, glass_columns_b
D:13:     layout_stronghold, eino_small_chamber_without_monster
D:14:     layout_long_grid, lightli_vaults_fourway_checkpoint, serial_bayou,
          serial_bayou_pond_b, serial_bayou_pond_e, serial_bayou_shore_a,
          serial_bayou_pond_d, nicolae_two_hexagons
Temple:   dpeg_chambers_temple

Skill      XL: |  1  2  3  4  5  6  7  8  9 10 11 12 |
---------------+-------------------------------------+-----
Dodging        | 2 3 4 5 7 8 9 10 | 10.0
Fighting       | 3 4 5 6 7 8 9 10 | 10.0
Unarmed Combat | 3 4 5 7 8 9 10 11 | 11.7
Transmutations | 3 5 6 |  6.1
Evocations     | 1 |  1.1
Stealth        | |  2.7

Action                   |  1- 3 |  4- 6 |  7- 9 | 10-12 || total
-------------------------+-------+-------+-------+-------++-------
Melee: Unarmed           |    21 |    84 |   627 |   595 ||  1327
       Punch             |       |     1 |    13 |    24 ||    38
Invok: Curse Item        |       |       |     1 |     1 ||     2
Evoke: Wand              |       |       |       |    14 ||    14
  Use: Potion            |     1 |       |     5 |     4 ||    10
       Scroll            |       |     1 |    10 |    11 ||    22
 Stab: Sleeping          |       |     2 |    12 |     3 ||    17
       Paralysed         |       |       |       |     9 ||     9
       Confused          |       |       |       |     1 ||     1
       Distracted        |       |       |       |     1 ||     1
Armor: Robe              |     1 |    20 |   242 |   161 ||   424
Dodge: Dodged            |     4 |    41 |   447 |   351 ||   843

Table legend: (Time is in decaauts)
 A = Elapsed time spent in this place.
 B = Non-inter-level travel time spent in this place.
 C = Inter-level travel time spent in this place.
 D = Time resting spent in this place.
 E = Time spent auto-exploring this place.
 F = Levels seen in this place.
 G = Mean time per level.
                   A        B        C        D        E       F      G
               +--------+--------+--------+--------+--------+-----+--------+
         Total |  13392 |  13072 |    320 |   2640 |   6954 |  16 |  837.0 |
       Dungeon |  12879 |  12580 |    299 |   2640 |   6737 |  14 |  919.9 |
        Temple |    267 |    246 |     21 |      0 |    179 |   1 |  267.0 |
         Sewer |    244 |    244 |      0 |      0 |     37 |   1 |  244.0 |
               +--------+--------+--------+--------+--------+-----+--------+

Top non-repeatable levels by time:
     D:6: 1374 daAuts
    D:13: 1323 daAuts
     D:5: 1258 daAuts
    D:12: 1103 daAuts
     D:2: 1022 daAuts
    D:11: 1010 daAuts
    D:10: 991 daAuts
     D:8: 954 daAuts
     D:4: 837 daAuts
     D:9: 748 daAuts
     D:3: 725 daAuts
     D:7: 696 daAuts
     D:1: 691 daAuts
  Temple: 267 daAuts
   Sewer: 244 daAuts
